 Dungeon Crawl Stone Soup version 0.21-a0-504-g2eda330 (webtiles) character file.

9 kibaces the Skirmisher (level 2, -7/19 HPs)
             Began as a Gargoyle Berserker on Nov 25, 2017.
             Was a Follower of Trog.
             Killed by divine providence
             ... invoked by an orc priest
              (11 damage)
             ... on level 2 of the Dungeon.
             The game lasted 00:00:54 (406 turns).

kibaces the Skirmisher (Gargoyle Berserker)          Turns: 406, Time: 00:00:54

Health: -7/19      AC:  4    Str: 20    XL:     2   Next: 12%
Magic:  2/2        EV: 12    Int:  7    God:    Trog [*.....]
Gold:   31         SH:  0    Dex:  9    Spells: 1/1 levels left

rFire    . . .     SeeInvis .   a - +0 hand axe
rCold    . . .     Gourm    .   (no shield)
rNeg     + . .     Faith    .   b - +0 animal skin
rPois    ∞         Spirit   .   (no helmet)
rElec    +         Reflect  .   (no cloak)
rCorr    .         Harm     .   (no gloves)
MR       .....                  (no boots)
Stlth    +.........             (no amulet)
HPRegen  0.06/turn              (no ring)
MPRegen  0.08/turn              (no ring)

@: no status effects
A: negative energy resistance 1, electricity resistance, unbreathing,
petrification resistance, rot immunity, AC +2
a: Berserk, Burn Spellbooks, Renounce Religion


You were on level 2 of the Dungeon.
You worshipped Trog.
Trog was aware of your devotion.
You were not hungry.

You visited 1 branch of the dungeon, and saw 2 of its levels.

You collected 31 gold pieces.


Innate Abilities, Weirdness & Mutations

You are resistant to torment.
Your stone body is resilient. (AC +2)
You are immune to poison.
You resist negative energy. (rN+)
You are resistant to electric shocks. (rElec)
You can survive without breathing.
You are immune to petrification.
You are immune to rotting.


   Skills:
 - Level 3.2 Fighting
 + Level 3.2 Axes
 - Level 2.1 Armour
 - Level 1.5 Dodging


You had one spell level left.
You didn't know any spells.

Inventory:

Hand Weapons
 a - a +0 hand axe (weapon)
 g - a +0 club
Armour
 b - a +0 animal skin (worn)
Scrolls
 e - a scroll of immolation {unknown}
 h - a scroll of fear {unknown}
Potions
 d - a potion of curing {unknown}
 f - a potion of degeneration {unknown}
Comestibles
 c - a bread ration

Dungeon Overview and Level Annotations

Branches:
Dungeon (2/15)

Altars:


Message History

The orc misses you.
The orc wizard hits you but does no damage.
The orc priest misses you.
The orc wizard looks encouraged for a moment.
You miss the orc wizard. You hit the orc priest. You completely miss the orc.
You hit the orc wizard but do no damage.
You hit the orc. The orc hits you but does no damage.
The orc wizard casts a spell at you. The magic dart hits you!
The orc wizard barely misses you. The orc priest barely misses you.
The orc barely misses you.
You barely miss the orc. You hit the orc. You closely miss the orc wizard.
You hit the orc. You closely miss the orc wizard.
You hit the orc priest but do no damage.
The orc wizard hits you but does no damage.
The orc misses you.
The orc wizard hits you but does no damage.
The orc priest calls down the wrath of Beogh upon you.
Beogh smites you!
Ouch! That really hurt!
You die...

##.. ...########
#.........##
#...~...~..##
#..........$#
#..........}#
#...ooo....$#
#.5o@o.~..#
..##..o.o...##
#...##.#########
#..5##.......... #.
..#.###......... #.
#.#.##.5..###### #..
#.#.##.#.....# #...
#.#.##.#.$...#
....####.#....#.....#


You could see an orc priest, 2 orc wizards, a shadow imp and 4 orcs.

Vanquished Creatures
  A leopard gecko (D:1)
  A goblin (D:1)
  A hobgoblin (D:1)
  A kobold (D:1)
  A bat (D:1)
  3 rats (D:1)
8 creatures vanquished.

Notes
Turn   | Place    | Note
-------+----------+-------------------------------------------
     0 | D:1      | kibaces the Gargoyle Berserker began the quest for the Orb.
     0 | D:1      | Reached XP level 1. HP: 14/14 MP: 1/1
     0 | D:1      | 0 ||| counter = 1
   154 | D:1      | Reached skill level 3 in Axes
   191 | D:1      | Reached XP level 2. HP: 17/19 MP: 2/2
   405 | D:2      | HP: 4/19 [orc wizard/magic dart (9)]
   406 | D:2      | Killed from afar by an orc priest

Vault maps used:
D:1:      minmay_arrival_doors
D:2:      cheibrodos_pilgrimage, minitemple, first_bread

Skill      XL: |  1 |
---------------+----+-----
Axes           | 3 |  3.2
Fighting       | |  3.2
Armour         | |  2.1
Dodging        | |  1.5

Action                   || total
-------------------------++-------
Melee: Hand axe          ||    26
Armor: Animal skin       ||    14
Dodge: Dodged            ||    27

Table legend:
 A = Spawn XP
 B = Non-spawn XP
 C = Spawn XP percentage of total XP
 D = Spawn monster count
 E = Non-spawn monster count
 F = Spawn count percentage of total count
 G = Total turns spent on level
                    A         B        C        D         E        F      G
               +---------+---------+-------+---------+---------+-------+---------
         Total |       0 |      13 |   0.0 |       0 |       8 |   0.0 |   406
               +---------+---------+-------+---------+---------+-------+---------
           D:1 |       0 |      13 |   0.0 |       0 |       8 |   0.0 |   384
               +---------+---------+-------+---------+---------+-------+---------
